 Dungeon Crawl Stone Soup version 0.29.1-15-g9cfb28693d (webtiles) character file.

Game seed: 12461025077332107950

73 jtron the Blocker (level 4, -1/66 (67) HPs)
             Began as a Gnoll Wanderer on Mar 21, 2023.
             Slain by Crazy Yiuf
             ... wielding a +2 quarterstaff of chaos
              (3 damage)
             ... on level 2 of the Dungeon.
             The game lasted 00:04:47 (2199 turns).

jtron the Blocker (Gnoll Wanderer)                  Turns: 2199, Time: 00:04:47

HP:   -1/66 (67)    AC:  8    Str: 13    XL:     4   Next: 27%
MP:   5/5           EV: 12    Int:  8    God:
Gold: 48            SH:  9    Dex: 15    Spells: 5/5 levels left

rFire   . . .      SeeInvis .   a - +1 hammer (vorpal)
rCold   . . .      Faith    .   e - +2 buckler
rNeg    . . .      Spirit   .   d - +0 leather armour
rPois   .          Reflect  .   t - +1 helmet
rElec   .          Harm     .   w - +0 cloak
rCorr   .          Rampage  .   (no gloves)
Will    .....                   m - +1 pair of boots
Stlth   ..........              (no amulet)
HPRegen 0.21/turn               (no ring)
MPRegen 0.09/turn               (no ring)

@: berserking, lethally poisoned (-1 -> -4), lightly drained, very quick
A: fangs 1, strong nose, distributed training
a: no special abilities


You were on level 2 of the Dungeon.
You visited 1 branch of the dungeon, and saw 2 of its levels.

You collected 68 gold pieces.
You spent 20 gold pieces at shops.

Inventory:

Hand Weapons
 a - a +1 vorpal hammer (weapon)
 j - a +0 hand axe
 p - a +0 club
 y - a +1 short sword of draining
Missiles
 g - 4 poisoned darts (quivered)
 o - 19 stones
Armour
 d - a +0 leather armour (worn)
 e - a +2 buckler (worn)
 m - a +1 pair of boots (worn)
 t - a +1 helmet (worn)
 w - a +0 cloak (worn)
Jewellery
 h - a ring of magical power
 z - an amulet of regeneration
Scrolls
 c - a scroll of silence
 r - 2 scrolls of teleportation {unknown}
 s - a scroll of immolation {unknown}
 v - 3 scrolls of enchant armour
 x - a scroll of amnesia {unknown}
Potions
 b - a potion of curing
 f - a potion of mutation {unknown}
 i - 2 potions of attraction {unknown}
 k - a potion of magic {unknown}
 l - a potion of haste {unknown}
 n - a potion of resistance {unknown}
 q - 2 potions of lignification {unknown}


   Skills:
 + Level 8.5 Fighting
 + Level 1.1 Short Blades
 + Level 1.1 Long Blades
 + Level 1.1 Axes
 + Level 1.1 Maces & Flails
 + Level 1.1 Polearms
 + Level 1.1 Staves
 + Level 1.1 Ranged Weapons
 + Level 1.1 Throwing
 + Level 1.1 Armour
 + Level 2.7 Dodging
 + Level 1.1 Stealth
 + Level 10.4 Shields
 + Level 1.1 Unarmed Combat
 + Level 1.1 Spellcasting
 + Level 0.9 Conjurations
 + Level 0.9 Hexes
 + Level 0.9 Summonings
 + Level 0.9 Necromancy
 + Level 0.9 Translocations
 + Level 0.9 Transmutations
 + Level 0.9 Fire Magic
 + Level 0.9 Ice Magic
 + Level 0.9 Air Magic
 + Level 0.9 Earth Magic
 + Level 0.9 Poison Magic
 + Level 1.2 Invocations
 + Level 1.1 Evocations


You had 5 spell levels left.
You didn't know any spells.
Your spell library contained the following spells:

 Spells                   Type           Power      Damage    Failure   Level
 Slow                     Hex            4%         N/A       38%         1
 Confusing Touch          Hex            1%         N/A       77%         3
 Vampiric Draining        Necr           1%         2d6       77%         3


Dungeon Overview and Level Annotations

Branches:
Dungeon (2/15)

Altars:

Shops:
D:1 (?:   D:2 *

Annotations:
D:2 Crazy Yiuf


Innate Abilities, Weirdness & Mutations

You have very sharp teeth.
Your uncanny sense of smell can sniff out nearby items.
Your experience applies equally to all skills.


Message History

You block Crazy Yiuf's attack.
There is an open translucent door here.
You hit Crazy Yiuf.
Crazy Yiuf is moderately wounded.
Crazy Yiuf completely misses you. x2
You hit Crazy Yiuf.
Crazy Yiuf is heavily wounded.
Crazy Yiuf hits you with a +2 quarterstaff of chaos!!
Crazy Yiuf closely misses you.
You hit Crazy Yiuf but do no damage.
Crazy Yiuf is heavily wounded.
You block Crazy Yiuf's attack. x2
You hit Crazy Yiuf. You bite Crazy Yiuf, but do no damage.
Crazy Yiuf is severely wounded.
Crazy Yiuf closely misses you.
Crazy Yiuf hits you with a +2 quarterstaff of chaos.
You are poisoned.
You barely miss Crazy Yiuf.
Crazy Yiuf is severely wounded.
You feel very sick.
Crazy Yiuf hits you with a +2 quarterstaff of chaos.
* * * LOW HITPOINT WARNING * * *
You block Crazy Yiuf's attack.
Crazy Yiuf hits you with a +2 quarterstaff of chaos!
* * * LOW HITPOINT WARNING * * *
You feel drained.
A red film seems to cover your vision as you go berserk!
You feel yourself moving faster!
You feel mighty!
* * * LOW HITPOINT WARNING * * *
You feel sick. Crazy Yiuf hits you but does no damage.
You barely miss Crazy Yiuf.
Crazy Yiuf is severely wounded.
* * * LOW HITPOINT WARNING * * *
You feel sick. You block Crazy Yiuf's attack.
You closely miss Crazy Yiuf.
Crazy Yiuf is severely wounded.
* * * LOW HITPOINT WARNING * * *
You feel sick.
Crazy Yiuf hits you with a +2 quarterstaff of chaos.
You die...

#.......#
###
#..###..# ##
##.# ####
##.##### .##
#.##
#.....######
..## ##.#
#####
#.###......#
...# #.#
#)..#
#.†#######.#
...# #.#
#...# #.##
##.# ...#
#.# #.g.#
#.# ##.#.
..## #.# #@#
### ##.###
.## #.# #.##
##.## # ###
##.# ##.#
### #.## ..#
#..# #.##
#.## ##.## #
#.# #.##
##.# #..##
##.### #.#
#.## ##.##
#...## ##.#.
#.#######..#
##)).#
#....####...
.......>...#
#)P)P#
#....'......
#.#######÷÷#
#))))#
#....###....


You could see Crazy Yiuf (berserk).

Vanquished Creatures
  Robin (D:2)
  An adder (D:2)
  2 dart slugs
  2 ball pythons
  3 endoplasms
  5 giant cockroaches
  6 goblins (D:2)
  5 hobgoblins
  3 kobolds (D:1)
  3 quokkas
  6 bats
  3 frilled lizards
  6 rats
46 creatures vanquished.

Notes
Turn   | Place    | Note
-------+----------+-------------------------------------------
     0 | D:1      | Reached skill level 10 in Shields
     0 | D:1      | jtron the Gnoll Wanderer began the quest for the Orb.
     0 | D:1      | jtron set off with the following items: a +0 club, 2
                  | potions of curing, a scroll of silence, a +0 leather
                  | armour, a +2 buckler.
     0 | D:1      | Reached XP level 1. HP: 26/26 MP: 1/1
    15 | D:1      | Found Fuewkoy's Magic Scroll Emporium.
    41 | D:1      | Found Gyewnyme's Antique Weapon Boutique.
   147 | D:1      | Reached XP level 2. HP: 33/33 MP: 2/2
   392 | D:1      | Found Etegio's Book Shoppe.
  1044 | D:2      | Reached XP level 3. HP: 37/37 MP: 3/3
  1072 | D:2      | Noticed Robin
  1104 | D:2      | Reached skill level 1 in Invocations
  1114 | D:2      | Killed Robin
  1115 | D:2      | Reached skill level 1 in Short Blades
  1115 | D:2      | Reached skill level 1 in Long Blades
  1115 | D:2      | Reached skill level 1 in Axes
  1115 | D:2      | Reached skill level 1 in Maces & Flails
  1115 | D:2      | Reached skill level 1 in Polearms
  1115 | D:2      | Reached skill level 1 in Staves
  1115 | D:2      | Reached skill level 1 in Ranged Weapons
  1115 | D:2      | Reached skill level 1 in Throwing
  1115 | D:2      | Reached skill level 1 in Armour
  1115 | D:2      | Reached skill level 1 in Stealth
  1115 | D:2      | Reached skill level 1 in Unarmed Combat
  1115 | D:2      | Reached skill level 1 in Spellcasting
  1115 | D:2      | Reached skill level 1 in Evocations
  1460 | D:2      | Found Zaost's General Store.
  1468 | D:2      | Reached XP level 4. HP: 45/45 MP: 5/5
  1472 | D:2      | Bought a scroll of identify for 20 gold pieces
  1919 | D:2      | Found a runed translucent door.
  1920 | D:2      | Noticed Crazy Yiuf
  2198 | D:2      | HP: 3/66 [poisoned by Crazy Yiuf]
  2199 | D:2      | Slain by Crazy Yiuf

Illustrated notes

Levels and vault maps discovered:
D:1:      minmay_arrival_glassed_features, layout_basic, serial_forest,
          infiniplex_forest_straight_4, infiniplex_forest_straight_2,
          infiniplex_forest_end_3, infiniplex_forest_clump_curved,
          infiniplex_forest_lined_2, infiniplex_forest_pool,
          infiniplex_forest_lined_2, infiniplex_forest_straight_3,
          infiniplex_forest_lined_room_, serial_shops, shop,
          nicolae_shop_overgrown_old_shop, shop
D:2:      layout_loops_corners, serial_shops,
          nicolae_shop_temple_entry_statues_fountains, uniq_robin,
          uniq_crazy_yiuf_cottage

Skill      XL: |  1  2  3 |
---------------+----------+-----
Shields        | | 10.4
Invocations    | 1 |  1.2
Short Blades   | 1 |  1.1
Long Blades    | 1 |  1.1
Axes           | 1 |  1.1
Maces & Flails | 1 |  1.1
Polearms       | 1 |  1.1
Staves         | 1 |  1.1
Ranged Weapons | 1 |  1.1
Throwing       | 1 |  1.1
Armour         | 1 |  1.1
Stealth        | 1 |  1.1
Unarmed Combat | 1 |  1.1
Spellcasting   | 1 |  1.1
Evocations     | 1 |  1.1
Fighting       | |  8.5
Dodging        | |  2.7
Conjurations   | |  0.9
Hexes          | |  0.9
Summonings     | |  0.9
Necromancy     | |  0.9
Translocations | |  0.9
Transmutations | |  0.9
Fire Magic     | |  0.9
Ice Magic      | |  0.9
Air Magic      | |  0.9
Earth Magic    | |  0.9
Poison Magic   | |  0.9

Action                   |  1- 3 |  4- 6 || total
-------------------------+-------+-------++-------
Melee: Club              |    46 |       ||    46
       Bite              |    15 |     3 ||    18
       Hand axe          |    15 |       ||    15
       Short sword       |    66 |    13 ||    79
       Mace              |       |    15 ||    15
  Use: Scroll            |     3 |     1 ||     4
       Potion            |     1 |     1 ||     2
 Stab: Sleeping          |       |     1 ||     1
Armor: Leather armour    |    30 |     7 ||    37
Dodge: Dodged            |    56 |    15 ||    71
Block: Buckler           |    52 |    17 ||    69
